 Dungeon Crawl Stone Soup version 0.20.0-4-g10b340a (webtiles) character file.

5922 anfisbena the Carver (level 10, -4/68 HPs)
             Began as a Tengu Berserker on May 27, 2017.
             Was a High Priest of Trog.
             Slain by an unseen horror (10 damage)
             ... on level 9 of the Dungeon.
             The game lasted 00:11:05 (11360 turns).

anfisbena the Carver (Tengu Berserker)             Turns: 11360, Time: 00:11:06

Health: -4/68      AC:  6    Str: 26    XL:     10   Next: 83%
Magic:  3/3        EV: 17    Int:  7    God:    Trog [*****.]
Gold:   519        SH:  0    Dex: 16    Spells: 9/9 levels left

rFire    + + .     SeeInvis .   E - +3 great sword (antimagic)
rCold    . . .     Gourm    .   (shield currently unavailable)
rNeg     . . .     Faith    .   H - +0 ring mail of the Sky {rF++ Str+4 Stlth+} (curse)
rPois    .         Spirit   .   (helmet restricted)
rElec    .         Reflect  .   (no cloak)
rCorr    .         Harm     .   (no gloves)
MR       .....                  (boots unavailable)
Stlth    ++........             (no amulet)
Regen    0.3/turn               b - +3 ring of strength
MPRegen  0.1/turn               o - +2 ring of evasion

@: berserk cooldown, slowed, very slow
A: beak, talons 3, able to fly 1
a: Fly, Berserk, Trog's Hand, Brothers in Arms, Burn Spellbooks, Renounce
Religion


You were on level 9 of the Dungeon.
You worshipped Trog.
Trog was extremely pleased with you.
You were hungry.

You visited 1 branch of the dungeon, and saw 10 of its levels.

You collected 519 gold pieces.

Inventory:

Hand Weapons
 E - a +3 antimagic great sword (weapon)
Armour
 H - the cursed +0 ring mail of the Sky (worn) {rF++ Str+4 Stlth+}
   (You found it on level 8 of the Dungeon)

   It affects your strength (+4).
   It greatly protects you from fire.
   It makes you more stealthy.
   It has a curse placed upon it.
Jewellery
 b - a +3 ring of strength (left hand)
 o - a +2 ring of evasion (right hand)
 C - an uncursed ring of resist corrosion
Wands
 y - a wand of lightning (8/15)
 z - a wand of disintegration (16/24)
Scrolls
 d - a scroll of enchant weapon {unknown}
 f - 7 scrolls of remove curse {unknown}
 i - 5 scrolls of teleportation
 l - a scroll of identify
 q - 6 scrolls of magic mapping
 t - 4 scrolls of enchant armour
 u - a scroll of immolation {unknown}
 w - 2 scrolls of recharging {unknown}
 x - a scroll of holy word {unknown}
 F - a scroll of blinking {unknown}
 G - a scroll of fog {unknown}
Potions
 a - a potion of brilliance {unknown}
 e - 2 potions of agility {unknown}
 g - a potion of invisibility {unknown}
 h - 3 potions of haste {unknown}
 m - 2 potions of ambrosia {unknown}
 n - a potion of curing
 p - 2 potions of resistance {unknown}
 r - 3 potions of mutation
 v - 3 potions of lignification
 A - a potion of cancellation {unknown}
 B - a potion of magic {unknown}
Books
 s - a book of Conjurations

   Spells                             Type                      Level
   a - Magic Dart                     Conjuration                  1
   b - Searing Ray                    Conjuration                  2
   c - Dazzling Spray                 Conjuration/Hexes            3
   d - Fulminant Prism                Conjuration/Hexes            4
   e - Force Lance                    Conjuration/Translocation    4
   f - Iskenderun's Mystic Blast      Conjuration                  4
   Trog disapproves of the use of such an item.
 D - a book of Battle

   Spells                             Type                      Level
   a - Infusion                       Charms                       1
   b - Shroud of Golubria             Charms/Translocation         2
   c - Song of Slaying                Charms                       2
   d - Spectral Weapon                Hexes/Charms                 3
   e - Regeneration                   Charms/Necromancy            3
   Trog disapproves of the use of such an item.
Comestibles
 c - 3 bread rations
 j - 5 royal jellies
 k - a meat ration


   Skills:
 - Level 10.0 Fighting
 + Level 11.9 Long Blades
 + Level 5.8 Armour
 + Level 5.7 Dodging


You had 9 spell levels left.
You didn't know any spells.

Dungeon Overview and Level Annotations

Branches:
Dungeon (10/15)            Temple (0/1) D:4             Orc (0/2) D:9
   Lair: D:8-11

Altars:
Xom

Shops:
D:5 (   D:7 }   D:9 (*(:


Innate Abilities, Weirdness & Mutations

You have a beak for a mouth.
You have claws for feet.
You can fly.


Message History

You feel better. Something barely misses you.
A red film seems to cover your vision as you go berserk!
You feel yourself moving faster!
You feel mighty!
You are feeling hungry.
Something hits you!
* * * LOW HITPOINT WARNING * * *
You feel a strong urge to attack something.
Something hits you.
* * * LOW HITPOINT WARNING * * *
Things that are here:
a giant club; an enchanted dire flail Something hits you.
* * * LOW HITPOINT WARNING * * *
There is a stone staircase leading down here.
You feel your anger subside.
Something hits you but does no damage. x2
You are no longer berserk.
You are exhausted.
You feel yourself slow down. Something hits you!
You die...

.###..###....(....#
..##..# #.........#
.8.#.## #.........#
...#.## ##........#
.8.#..# #........#
..##..#
#........###############
.###..#
#..(.....##.............
+# #.##
#........##.############
.###.# ###.##.@###.#
..##.# #..###)# #.#
...).# ##.## #.# #.#
.....# #..# ##'###.#
)....# #.## #......#
..##.# ##.#
#......############
.##..#
#..####.|..............^#
##..##
#.###.......###########.#
....# ##.# #.......# #.#


There were no monsters in sight!

Vanquished Creatures
  A two-headed ogre (D:9)
  Pikel (D:6)
  The ghost of Gorglomux the Spear-Bearer, an amateur MfGl of Gozag (D:4)
  2 hippogriffs
  Prince Ribbit (D:7)
  Sigmund (D:6)
  2 hungry ghosts (D:9)
  A water moccasin (D:7)
  4 orc warriors
  4 phantoms
  A slave (D:6)
  An ice beast (D:6)
  A necrophage (D:5)
  A sky beast (D:9)
  4 ogres
  4 centaurs
  A big kobold (D:9)
  A crocodile (D:7)
  2 bullfrogs
  A water moccasin skeleton (D:6)
  2 scorpions
  2 bullfrog zombies
  6 orc priests
  3 hounds
  A jelly (D:6)
  10 orc wizards
  2 bullfrog skeletons
  2 centaur skeletons
  2 gnoll shamans
  4 iguanas
  8 worker ants
  A killer bee zombie (D:6)
  A hound zombie (D:6)
  A hound skeleton (D:4)
  Robin (D:3)
  11 gnolls
  6 adders
  2 shadow imps
  An adder zombie (D:9)
  An ooze (D:2)
  2 dart slugs
  A worm (D:4)
  3 leopard geckos
  51 orcs
  4 bats
  A giant cockroach (D:3)
  14 goblins
  11 hobgoblins
  12 jackals
  3 quokkas
  2 ball pythons
  3 frilled lizards
  15 kobolds
  A quokka zombie (D:5)
  6 rats
231 creatures vanquished.

Vanquished Creatures (others)
  3 slaves (D:6)
  An ogre (D:4)
  An iguana (D:4)
  A worker ant (D:4)
  An adder (D:4)
  3 orcs (D:4)
10 creatures vanquished.

Grand Total: 241 creatures vanquished

Notes
Turn   | Place    | Note
-------+----------+-------------------------------------------
     0 | D:1      | anfisbena the Tengu Berserker began the quest for the Orb.
     0 | D:1      | Reached XP level 1. HP: 14/14 MP: 2/2
   295 | D:1      | Reached XP level 2. HP: 19/19 MP: 3/3
   909 | D:1      | Reached XP level 3. HP: 19/23 MP: 4/4
   982 | D:2      | Reached skill level 4 in Long Blades
  1101 | D:2      | Reached ** piety under Trog
  1374 | D:2      | Reached XP level 4. HP: 29/29 MP: 5/5
  1726 | D:3      | Noticed Robin
  1766 | D:3      | Killed Robin
  2326 | D:3      | Reached skill level 5 in Long Blades
  2326 | D:3      | Gained mutation: You can fly. [Tengu growth]
  2326 | D:3      | Reached XP level 5. HP: 16/34 MP: 6/6
  2669 | D:4      | Found a staircase to the Ecumenical Temple.
  3162 | D:4      | Noticed Gorglomux's ghost (amateur MfGl)
  3171 | D:4      | Killed Gorglomux's ghost
  3171 | D:4      | Reached skill level 5 in Fighting
  3171 | D:4      | Reached skill level 6 in Long Blades
  3171 | D:4      | Reached XP level 6. HP: 11/40 MP: 7/7
  3527 | D:4      | Reached XP level 7. HP: 45/45 MP: 8/8
  4213 | D:4      | Reached *** piety under Trog
  4213 | D:4      | Reached skill level 7 in Long Blades
  4236 | D:4      | Found a shimmering altar of Xom.
  4726 | D:5      | Entered Level 5 of the Dungeon
  4831 | D:5      | Reached XP level 8. HP: 52/52 MP: 9/9
  5068 | D:5      | Found Dum Seitaohi's Weapon Shop.
  5590 | D:5      | Reached skill level 8 in Long Blades
  6030 | D:6      | Noticed Pikel
  6052 | D:6      | Killed Pikel
  6052 | D:6      | Reached skill level 9 in Long Blades
  6052 | D:6      | Reached XP level 9. HP: 26/60 MP: 10/10
  6816 | D:6      | Reached **** piety under Trog
  7035 | D:6      | Noticed Sigmund
  7047 | D:6      | Killed Sigmund
  7047 | D:6      | Reached skill level 10 in Long Blades
  8366 | D:7      | Noticed Prince Ribbit
  8374 | D:7      | Killed Prince Ribbit
  8374 | D:7      | Reached skill level 10 in Fighting
  8574 | D:7      | Found Sufunwae's Gadget Shop.
  8739 | D:8      | Reached skill level 11 in Long Blades
  8739 | D:8      | Reached XP level 10. HP: 67/68 MP: 11/11
  9384 | D:8      | Got an ancient ring mail
  9395 | D:8      | Identified the cursed +0 ring mail of the Sky {rF++ Str+4 Stlth+} (You found it on level 8 of the Dungeon)
 10122 | D:9      | Noticed a two-headed ogre
 10135 | D:9      | Killed a two-headed ogre
 10192 | D:9      | Found Cuohio Agou's Antique Weapon Shoppe.
 10314 | D:9      | Reached ***** piety under Trog
 10331 | D:9      | Found a staircase to the Orcish Mines.
 10368 | D:9      | Reached skill level 5 in Armour
 10618 | D:9      | Reached skill level 5 in Dodging
 10703 | D:9      | Found Jeiseuc's Assorted Antiques.
 10722 | D:9      | Found Pauzidy's Weapon Boutique.
 10856 | D:9      | Found Laem Ick's Book Boutique.
 10923 | D:9      | Received a gift from Trog
 11343 | D:10     | Entered Level 10 of the Dungeon
 11353 | D:9      | HP: 3/68 [something (6)]
 11360 | D:9      | Slain by an unseen horror

Skill      XL: |  1  2  3  4  5  6  7  8  9 10 |
---------------+-------------------------------+-----
Long Blades    | 4 5 6 7 9 11 | 11.9
Fighting       | 4 5 6 8 10 | 10.0
Armour         | 5 |  5.8
Dodging        | 5 |  5.7

Action                   |  1- 3 |  4- 6 |  7- 9 | 10-12 || total
-------------------------+-------+-------+-------+-------++-------
Melee: Falchion          |    69 |    90 |   401 |   170 ||   730
       Peck              |    13 |    20 |   100 |    59 ||   192
       Kick              |    21 |    40 |   158 |    88 ||   307
       Great sword       |       |       |       |    18 ||    18
Invok: Berserk           |     1 |     4 |    10 |     6 ||    21
 Abil: Fly               |       |       |     3 |     2 ||     5
  Use: Scroll            |       |       |     5 |     3 ||     8
       Potion            |       |       |       |     2 ||     2
 Stab: Sleeping          |     2 |       |       |     1 ||     3
       Distracted        |       |       |       |     1 ||     1
  Eat: Chunk             |     1 |     4 |    18 |    14 ||    37
       Meat ration       |       |     2 |     1 |       ||     3
       Fruit             |       |       |     1 |     1 ||     2
Armor: Animal skin       |    11 |     9 |     1 |       ||    21
       Chain mail        |       |       |   137 |    14 ||   151
       Ring mail         |       |       |       |    26 ||    26
Dodge: Dodged            |    55 |    63 |   136 |   108 ||   362
       Rpst.: Falchion   |    14 |    28 |    50 |    21 ||   113
       Great sword       |       |       |       |     3 ||     3
